[Event "Team 45 45 League T88"]
[Site "Internet Chess Club"]
[Date "2021.04.24"]
[Round "3"]
[White "aec7r3b"]
[Black "Electryon"]
[Result "0-1"]
[WhiteElo "1231"]
[BlackElo "1377"]
[Opening "French: Tarrasch, open variation"]
[ECO "C07"]
[Time "17:00:40"]
[TimeControl "2700+45"]

1. e4 e6 2. d4 d5 3. Nd2 c5 4. exd5 Qxd5 5. Bc4 Qd6 6. Ngf3 cxd4 7. Nb3 Qb4+ 8.
Nbd2 Nc6 9. a3 Qb6 10. Nb3 Nf6 11. Nbxd4 Bc5 12. Bb5 Bd7 13. Bxc6 Bxc6 14. O-O
Rd8 15. c3 O-O 16. Qc2 Be4 17. Qe2 h6 18. b4 Bd6 19. Be3 Qc7 20. Nb5 Qc6 21.
Nfd4 Qc8 22. Nxd6 Rxd6 23. Nb5 Bd3 24. Nxd6 Bxe2 25. Nxc8 Bxf1 26. Ne7+ Kh8 27.
Kxf1 Re8 28. Ng6+ fxg6 29. Bxa7 Ne4 30. Bd4 e5 31. Be3 Nxc3 32. Rc1 Nd5 33. Rc7
Nxc7 34. Ke2 b5 35. Kf3 e4+ 36. Ke2 Ra8 37. Bf4 Nd5 38. Bc1 g5 39. Kd2 Rc8 40.
Bb2 Kh7 41. g4 Kg6 42. h3 Nf6 {White resigns} 0-1

[Event "Team 45 45 League T88"]
[Site "Internet Chess Club"]
[Date "2021.04.25"]
[Round "3"]
[White "tryanything"]
[Black "eevee11"]
[Result "0-1"]
[WhiteElo "1458"]
[BlackElo "1138"]
[Opening "Scandinavian defense"]
[ECO "B01"]
[Time "19:30:19"]
[TimeControl "2700+45"]

1. e4 d5 2. exd5 Nf6 3. d4 Bg4 4. Nf3 Qxd5 5. Be2 Nc6 6. c3 O-O-O 7. O-O e5 8.
Nxe5 Nxe5 9. Bxg4+ Nexg4 10. Bf4 Bd6 11. Bg3 Bxg3 12. fxg3 Rhe8 13. Qf3 Qxf3 14.
gxf3 Ne3 15. Rf2 Nd1 16. Nd2 Nxf2 17. Kxf2 Re7 18. Nc4 Nd5 19. a4 Rde8 20. Ne5
f6 21. c4 fxe5 22. cxd5 exd4 23. Rd1 Re2+ 24. Kf1 Rxh2 25. Rxd4 Ree2 {White
resigns} 0-1

[Event "Team 45 45 League T88"]
[Site "Internet Chess Club"]
[Date "2021.04.23"]
[Round "3"]
[White "buptwy"]
[Black "clarinetref"]
[Result "1/2-1/2"]
[WhiteElo "1118"]
[BlackElo "1460"]
[Opening "Sicilian: dragon variation"]
[ECO "B70"]
[Time "20:00:46"]
[TimeControl "2700+45"]

1. e4 c5 2. Nf3 d6 3. d4 cxd4 4. Nxd4 Nf6 5. Nc3 g6 6. Be2 Bg7 7. O-O a6 8. Be3
O-O 9. Qd2 Nc6 10. f3 d5 11. Nxd5 Nxd5 12. exd5 Qxd5 13. c3 Nxd4 14. Bxd4 e5 15.
Be3 Qxd2 16. Bxd2 Be6 17. b3 Rfd8 18. Rfd1 Rd7 19. c4 e4 20. Rac1 Rad8 21. Ba5
Rxd1+ 22. Rxd1 Rxd1+ 23. Bxd1 Bd4+ 24. Kf1 b6 25. Bb4 e3 26. g3 a5 27. Be7 f5
28. f4 h6 29. h4 Kf7 30. Bd6 Bd7 31. Ba3 Bc6 32. Ke2 Be4 33. Bc1 Bb1 34. a4 Kf6
35. Bxe3 Bxe3 36. Kxe3 g5 37. hxg5+ hxg5 38. fxg5+ Kxg5 39. Kf2 Kf6 40. Ke3 Ke5
41. Bf3 Bc2 42. g4 fxg4 43. Bxg4 Bxb3 44. Bd7 Bxc4 45. Kd2 Kd4 46. Kc2 Kc5 47.
Kc3 Bd5 48. Bb5 Bc6 49. Bxc6 Kxc6 50. Kc4 b5+ 51. axb5+ Kb6 52. Kb3 Kxb5 53. Ka3
a4 54. Ka2 Kb4 55. Ka1 Kb3 56. Kb1 a3 57. Ka1 a2 {White stalemated} 1/2-1/2

[Event "Team 45 45 League T88"]
[Site "Internet Chess Club"]
[Date "2021.04.25"]
[Round "3"]
[White "fvafier"]
[Black "Portola"]
[Result "0-1"]
[WhiteElo "1510"]
[BlackElo "1695"]
[Opening "Queen's pawn game"]
[ECO "D02"]
[Time "09:00:18"]
[TimeControl "2700+45"]

1. d4 d5 2. Nf3 Bg4 3. Nbd2 Nf6 4. h3 Bh5 5. c4 c6 6. e3 e6 7. Be2 Nbd7 8. O-O
Bd6 9. cxd5 exd5 10. b3 O-O 11. Bb2 Qe7 12. Re1 Rfe8 13. a3 Ne4 14. Nxe4 dxe4
15. Nd2 Bg6 16. b4 Rad8 17. Rc1 a6 18. Nc4 Bb8 19. Na5 Ne5 20. Qb3 Nd3 21. Bxd3
exd3 22. Qc3 f6 23. Nb3 Qc7 24. g3 Qc8 25. Kh2 Bf5 26. h4 Re4 27. f4 Rde8 28.
Qd2 Ba7 29. Nc5 Bxc5 30. bxc5 R4e7 31. Bc3 Qe6 32. Qf2 Qe4 33. Bd2 Bg4 34. a4
Be2 35. a5 Qe6 36. Rb1 Qa2 37. Bc3 Rxe3 38. Rxb7 Qc2 39. Bb2 d2 40. Ra1 d1=Q 41.
Rxd1 Qxd1 42. Rb6 Bf3 43. Rxa6 Qh1# {White checkmated} 0-1

[Event "Team 45 45 League T88"]
[Site "Internet Chess Club"]
[Date "2021.04.25"]
[Round "3"]
[White "justice02"]
[Black "dalmata"]
[Result "1/2-1/2"]
[WhiteElo "1742"]
[BlackElo "1542"]
[Opening "French: advance, Paulsen attack"]
[ECO "C02"]
[Time "11:00:20"]
[TimeControl "2700+45"]

1. e4 e6 2. d4 d5 3. e5 c5 4. c3 Nc6 5. Nf3 cxd4 6. cxd4 Nge7 7. Nbd2 Nf5 8. Nb3
Bb4+ 9. Bd2 Bxd2+ 10. Qxd2 O-O 11. Bd3 b6 12. g4 Nh4 13. Nxh4 Qxh4 14. O-O-O f6
15. exf6 Rxf6 16. Rdf1 Qxg4 17. Bxh7+ Kxh7 18. Qc2+ Qe4 19. Qxc6 Qf4+ 20. Kb1
Rb8 21. Qb5 a6 22. Qc6 e5 23. Qc7 exd4 24. Qxf4 {Game drawn by mutual agreement}
1/2-1/2

[Event "Team 45 45 League T88"]
[Site "Internet Chess Club"]
[Date "2021.04.26"]
[Round "3"]
[White "Denis240964"]
[Black "rubo"]
[Result "0-1"]
[WhiteElo "1493"]
[BlackElo "1475"]
[Opening "Caro-Kann: Steinitz variation"]
[ECO "B17"]
[Time "16:30:20"]
[TimeControl "2700+45"]

1. e4 c6 2. d4 d5 3. Nc3 dxe4 4. Nxe4 Nd7 5. c4 Ngf6 6. Bd3 Nxe4 7. Bxe4 Nf6 8.
Bc2 e5 9. dxe5 Qa5+ 10. Qd2 Qxe5+ 11. Qe2 Bb4+ 12. Kf1 Qxe2+ 13. Nxe2 Be6 14. b3
O-O-O 15. Be3 Kb8 16. Bf4+ Kc8 17. a3 Bd2 18. Be5 Bh6 19. Nf4 Rd2 20. Ra2 Ng4
21. Ke1 Rhd8 22. Bc3 Bxf4 23. Bxd2 Bxd2+ 24. Ke2 Bc3 25. Bd3 Nxf2 26. Kxf2 Rxd3
27. Rc1 Bd4+ 28. Ke2 Rxb3 29. h3 Re3+ 30. Kf1 Bc5 31. a4 Bf5 32. Rd2 Bd3+ 33.
Rxd3 Rxd3 34. Re1 Kd7 35. Re4 Rd4 36. Re2 Rd1+ 37. Re1 Rxe1+ 38. Kxe1 {White
resigns} 0-1

[Event "Team 45 45 League T88"]
[Site "Internet Chess Club"]
[Date "2021.04.24"]
[Round "3"]
[White "g8wrb"]
[Black "monkhammer"]
[Result "0-1"]
[WhiteElo "1312"]
[BlackElo "1554"]
[Opening "Nimzovich-Larsen attack: modern variation"]
[ECO "A01"]
[Time "09:04:52"]
[TimeControl "2700+45"]

1. b3 e5 2. Bb2 Nc6 3. e3 d5 4. Bb5 Bd6 5. Nf3 Qe7 6. Nc3 Nf6 7. O-O Bg4 8. Be2
O-O 9. d3 Qe6 10. Ng5 Bxe2 11. Qxe2 Qf5 12. Nf3 e4 13. dxe4 dxe4 14. Nd4 Nxd4
15. exd4 Rfe8 16. g3 c6 17. Nd1 h5 18. Ne3 Qg5 19. Ng2 Rad8 20. Bc1 Qd5 21. c3
Qa5 22. Bd2 Qb6 23. Bg5 Qa5 24. Bxf6 gxf6 25. Rfc1 Qg5 26. Qe3 Qxe3 27. fxe3 Kg7
28. Rf1 Rh8 29. Rf5 Rh6 30. Raf1 Re8 31. Nh4 b6 32. c4 Re6 33. Rc1 Bb4 34. d5
cxd5 35. Rxd5 Kf8 36. Rcd1 Re5 37. Rd8+ Kg7 38. R1d7 Rh8 39. Rxh8 Kxh8 40. Rxf7
Ra5 41. a4 Bc3 42. Re7 a6 43. Rxe4 b5 44. c5 bxa4 45. Rxa4 Rxc5 46. Rc4 Rxc4 47.
bxc4 a5 48. c5 a4 49. Nf3 a3 50. c6 a2 51. c7 a1=Q+ 52. Kg2 Qb2+ 53. Kh3 Qb7
{White resigns} 0-1

[Event "Team 45 45 League T88"]
[Site "Internet Chess Club"]
[Date "2021.04.24"]
[Round "3"]
[White "Signofthetimes"]
[Black "Constrictor"]
[Result "1/2-1/2"]
[WhiteElo "1578"]
[BlackElo "1519"]
[Opening "Alekhine's defense: Scandinavian variation"]
[ECO "B02"]
[Time "11:03:09"]
[TimeControl "2700+45"]

1. e4 Nf6 2. Nc3 d5 3. exd5 Nxd5 4. Nxd5 Qxd5 5. Nf3 Bg4 6. Be2 Nc6 7. d3 e6 8.
Be3 Be7 9. h3 Bh5 10. O-O Bf6 11. c3 O-O 12. d4 Rad8 13. Nh2 Bxe2 14. Qxe2 e5
15. dxe5 Qxe5 16. Ng4 Qf5 17. Nxf6+ Qxf6 18. Qg4 Qg6 19. Qxg6 hxg6 20. Rad1 f6
21. Bf4 Rxd1 22. Rxd1 Rf7 23. Re1 Kf8 24. Kf1 Rd7 25. b3 g5 26. Be3 a6 27. Ke2
Ne7 28. Bc5 Kf7 29. Bxe7 Rxe7+ 30. Kf1 Rxe1+ 31. Kxe1 Ke6 32. Ke2 Ke5 33. Ke3 f5
34. Kf3 a5 35. g3 {Game drawn by mutual agreement} 1/2-1/2

[Event "Team 45 45 League T88"]
[Site "Internet Chess Club"]
[Date "2021.04.25"]
[Round "3"]
[White "Gojira"]
[Black "scostanzo212"]
[Result "1-0"]
[WhiteElo "1569"]
[BlackElo "1562"]
[Opening "Queen's pawn: Chigorin variation"]
[ECO "D00"]
[Time "19:04:03"]
[TimeControl "2700+45"]

1. d4 d5 2. Nc3 Nf6 3. Bf4 c6 4. e3 Bf5 5. f3 e6 6. g4 Bg6 7. h4 h5 8. g5 Nfd7
9. Bd3 Bxd3 10. Qxd3 g6 11. Nge2 Bg7 12. Bd6 Nb6 13. Be5 Bxe5 14. dxe5 Nc4 15.
Qd4 Qc7 16. f4 c5 17. Qd3 Nxb2 18. Qb5+ Ke7 19. Qxb2 a6 20. a4 Nc6 21. Kf2 Na5
22. Rhb1 Rab8 23. Nd1 Nc4 24. Qa2 Nd2 25. Rb2 Nc4 26. Rb3 Nd2 27. Ra3 Nc4 28.
Rc3 Nd2 29. Ng3 Qa5 30. Ke2 Nc4 31. Kd3 Rhd8 32. Qb3 b5 33. Ke2 b4 34. Rd3 Nxe5
35. fxe5 c4 36. Qb2 cxd3+ 37. cxd3 Rdc8 38. Qd4 Rc2+ 39. Kf3 Qb6 40. Qf4 Qb7 41.
Ne2 b3 42. Nd4 Rd2 43. Rb1 Rxd3 44. Nf2 Rc3 45. Nd1 Rc4 46. Rxb3 Qc7 47. Qf6+
Kf8 48. Qh8+ Ke7 49. Rxb8 Rxa4 50. Qe8# {Black checkmated} 1-0

[Event "Team 45 45 League T88"]
[Site "Internet Chess Club"]
[Date "2021.04.22"]
[Round "3"]
[White "tightfist"]
[Black "rkjulianjr"]
[Result "1-0"]
[WhiteElo "1440"]
[BlackElo "1334"]
[Opening "Queen's pawn: Chigorin variation"]
[ECO "D00"]
[Time "20:25:22"]
[TimeControl "2700+45"]

1. Nc3 d5 2. d4 Nf6 3. g3 c6 4. Bg2 e6 5. Nf3 Be7 6. O-O O-O 7. Bf4 Nbd7 8. Re1
Nh5 9. Bd2 f5 10. e3 Nhf6 11. Ne2 Ne4 12. Nf4 Ndf6 13. Ne5 Bd6 14. Nfd3 Qc7 15.
f4 c5 16. dxc5 Bxc5 17. Nxc5 Qxc5 18. b4 Qc7 19. Rc1 Bd7 20. Bxe4 Nxe4 21. Nxd7
Qxd7 22. c3 Rac8 23. Re2 Rc4 24. Be1 Rfc8 25. Qb3 Qc7 26. Rec2 Qb6 27. Bf2 R8c6
28. a4 Qc7 29. Be1 e5 30. Kg2 Rh6 31. Rd1 Nf6 32. h3 exf4 33. exf4 Qc6 34. Rd4
Rg6 35. Re2 Rxc3 36. Qxc3 Qd7 37. Re5 Ne4 38. Qb3 Nf6 39. Rexd5 Nxd5 40. Qxd5+
Qxd5+ 41. Rxd5 Re6 42. Re5 Kf7 43. Rxf5+ Ke7 44. Re5 Kf6 45. Rxe6+ Kxe6 46. Kf3
Kd5 47. f5 a6 48. Bc3 g6 49. f6 Ke6 50. Kf4 h6 51. h4 b6 52. g4 b5 53. a5 h5 54.
gxh5 gxh5 55. Kg5 Kf7 56. Kxh5 Kg8 57. Kg6 Kf8 58. f7 {Black resigns} 1-0

[Event "Team 45 45 League T88"]
[Site "Internet Chess Club"]
[Date "2021.04.24"]
[Round "3"]
[White "Visin"]
[Black "kingphisch"]
[Result "1/2-1/2"]
[WhiteElo "1320"]
[BlackElo "1324"]
[Opening "English: symmetrical variation"]
[ECO "A34"]
[Time "14:00:29"]
[TimeControl "2700+45"]

1. c4 c5 2. Nc3 Nf6 3. g3 Nc6 4. Bg2 d6 5. e3 g5 6. Nge2 Bg7 7. d4 cxd4 8. exd4
e5 9. Bxc6+ bxc6 10. dxe5 dxe5 11. Qxd8+ Kxd8 12. Bxg5 h5 13. O-O-O+ Kc7 14. f3
Be6 15. b3 Nd7 16. Be3 Nf6 17. Na4 Nd7 18. h3 f6 19. g4 hxg4 20. hxg4 Kb7 21.
Nc5+ Nxc5 22. Bxc5 Bh6+ 23. Kc2 f5 24. Rd6 Rae8 25. g5 Bg7 26. Rxh8 Bxh8 27. g6
Bg7 28. Rd1 f4 29. Rg1 Bf5+ 30. Kc1 Re6 31. a4 Rxg6 32. Rxg6 Bxg6 33. Bd6 Bh5
34. Ng1 Bg6 35. c5 Bf6 36. b4 a6 37. Kd2 Bf5 38. Ne2 Be6 39. Nc1 Bd5 40. Nd3
Bxf3 41. Bxe5 Bxe5 42. Nxe5 Bd5 43. Ke2 f3+ 44. Nxf3 Bxf3+ 45. Kxf3 Kc7 46. Ke4
Kd7 47. Kd4 Ke6 48. Kc4 Kd7 49. b5 cxb5+ 50. axb5 axb5+ 51. Kxb5 Kc7 52. c6 Kc8
53. Kb6 Kb8 54. c7+ Kc8 55. Kc6 {Black stalemated} 1/2-1/2

[Event "Team 45 45 League T88"]
[Site "Internet Chess Club"]
[Date "2021.04.25"]
[Round "3"]
[White "primerpaso"]
[Black "Packerfan"]
[Result "1/2-1/2"]
[WhiteElo "1843"]
[BlackElo "1839"]
[Opening "English: Carls' Bremen system"]
[ECO "A22"]
[Time "15:00:36"]
[TimeControl "2700+45"]

1. c4 e5 2. Nc3 Nf6 3. g3 Bc5 4. Bg2 O-O 5. e3 d6 6. Nge2 a6 7. O-O Nc6 8. h3
Bf5 9. d4 exd4 10. Nxd4 Bd7 11. b3 Re8 12. Kh2 Rb8 13. Nxc6 Bxc6 14. Bxc6 bxc6
15. Bb2 Nd7 16. Na4 Ba7 17. Qd2 Ne5 18. Qc3 f6 19. Kg2 Qc8 20. Qc2 Qe6 21. Bd4
Bxd4 22. exd4 Nd7 23. Nc3 Qf7 24. Rfe1 Nb6 25. Re2 Rxe2 26. Qxe2 Re8 27. Qd3 Qe6
28. Rd1 a5 29. Rd2 Qe1 30. Rd1 Qe6 31. Rd2 {Game drawn by mutual agreement}
1/2-1/2

[Event "Team 45 45 League T88"]
[Site "Internet Chess Club"]
[Date "2021.04.28"]
[Round "3"]
[White "DeepPoo"]
[Black "VictorRed"]
[Result "0-1"]
[WhiteElo "1725"]
[BlackElo "1683"]
[Opening "Levitsky attack (Queen's bishop attack)"]
[ECO "D00"]
[Time "14:19:30"]
[TimeControl "2700+45"]

1. d4 d5 2. Bg5 Nc6 3. e3 g6 4. Bd3 Bg7 5. c3 Nf6 6. Nd2 O-O 7. Bxf6 Bxf6 8. Ne2
e5 9. dxe5 Nxe5 10. Bc2 c5 11. O-O Qb6 12. Rb1 Qa6 13. Nb3 Qc6 14. Nf4 Be6 15.
Qd2 Rad8 16. Rbd1 Nc4 17. Qc1 Bg4 18. Rde1 Rd6 19. h3 Bc8 20. Rd1 Rfd8 21. Nd2
Nb6 22. Nf3 d4 23. cxd4 cxd4 24. exd4 Bxd4 25. Qb1 Bg7 26. Rxd6 Qxd6 27. Rd1 Qf6
28. Rxd8+ Qxd8 29. Bb3 Qf6 30. Qe4 Bh6 31. Nd5 Nxd5 32. Bxd5 Bf5 33. Qe8+ Kg7
34. Ne5 Be6 35. Nd7 Bxd7 36. Qxd7 Bc1 37. Qxb7 Bxb2 38. Bxf7 Bd4 39. Bd5+ Kh6
40. Bf3 Qh4 41. g3 Qxg3+ 42. Kh1 Qxf2 43. Qb1 Qxf3+ 44. Kh2 Be5+ 45. Kg1 Qg3+
46. Kf1 Qxh3+ 47. Ke2 Qg4+ 48. Kd2 Qd4+ {White resigns} 0-1

[Event "Team 45 45 League T88"]
[Site "Internet Chess Club"]
[Date "2021.04.22"]
[Round "3"]
[White "QuieroAprender"]
[Black "ivanson"]
[Result "1/2-1/2"]
[WhiteElo "1636"]
[BlackElo "1615"]
[Opening "Queen's pawn game"]
[ECO "A46"]
[Time "19:02:10"]
[TimeControl "2700+45"]

1. d4 Nf6 2. Nf3 c5 3. c3 Qb6 4. e3 e6 5. Bd3 Nc6 6. Nbd2 cxd4 7. exd4 Be7 8.
Nc4 Qc7 9. Qc2 d6 10. Bf4 Nh5 11. Bg3 Nxg3 12. hxg3 h6 13. O-O-O Bd7 14. b4
O-O-O 15. a4 Kb8 16. a5 Rc8 17. Kd2 Bf6 18. Ra1 e5 19. b5 d5 20. b6 Qd8 21.
Ncxe5 Bxe5 22. dxe5 axb6 23. a6 Nb4 24. a7+ Ka8 25. Qb2 Nxd3 26. Kxd3 Rc5 27.
Nd4 Qg5 28. Qxb6 Rhc8 29. Ra3 Bf5+ 30. Ke2 Bg4+ 31. f3 Qxe5+ 32. Kf2 Bd7 33. Rb1
Qc7 34. Qxc7 R8xc7 35. Rbb3 b5 36. Ke3 Rxa7 37. g4 Rxa3 38. Rxa3+ Kb7 39. Nf5
Bxf5 40. gxf5 d4+ 41. Kxd4 Rxf5 42. Ke4 Rg5 43. g4 {Game drawn by mutual
agreement} 1/2-1/2

[Event "Team 45 45 League T88"]
[Site "Internet Chess Club"]
[Date "2021.04.24"]
[Round "3"]
[White "cayo89"]
[Black "Portola"]
[Result "1-0"]
[WhiteElo "1481"]
[BlackElo "1686"]
[Opening "Queen's pawn, Mason variation"]
[ECO "D00"]
[Time "17:00:50"]
[TimeControl "2700+45"]

1. d4 d5 2. Bf4 Bf5 3. e3 e6 4. Nd2 Nd7 5. Ngf3 h6 6. c4 c6 7. Qb3 Qb6 8. c5
Qxb3 9. axb3 Ngf6 10. h3 Be7 11. b4 O-O 12. b5 Nb8 13. b6 a6 14. b4 Nbd7 15. Nb3
Nxb6 16. Na5 Nc4 17. Nxb7 g5 18. Bh2 Ne4 19. Na5 Rfc8 20. Bxc4 dxc4 21. Nxc4 Re8
22. Nfe5 Nc3 23. Nxc6 f6 24. Nb6 Bf8 25. Nxa8 Rxa8 26. f3 e5 27. dxe5 fxe5 28.
Bxe5 Nb5 29. Nd4 Nxd4 30. exd4 Bd3 31. Kd2 Bc4 32. Kc3 Bd5 33. Ra5 Bc6 34. Rha1
Rc8 35. Rxa6 Bd5 36. b5 Bf7 37. Ra8 Re8 38. Rxe8 Bxe8 39. Kb4 Be7 40. d5 Kf7 41.
Ra7 Kf8 42. d6 {Black resigns} 1-0

[Event "Team 45 45 League T88"]
[Site "Internet Chess Club"]
[Date "2021.04.24"]
[Round "3"]
[White "fhunfi"]
[Black "MacroPawn"]
[Result "1-0"]
[WhiteElo "1757"]
[BlackElo "1767"]
[Opening "Pirc: Sveshnikov system"]
[ECO "B07"]
[Time "11:06:03"]
[TimeControl "2700+45"]

1. e4 d6 2. d4 Nf6 3. Nc3 g6 4. g3 Bg7 5. Bg2 O-O 6. Nge2 c6 7. a4 Na6 8. h3 Nb4
9. Be3 Qa5 10. Qd2 e5 11. O-O Qc7 12. f4 Rd8 13. Nd1 a5 14. c3 Na6 15. Nf2 Re8
16. g4 exf4 17. Bxf4 Qd8 18. Ng3 Be6 19. g5 Nd7 20. d5 cxd5 21. exd5 Bf5 22.
Nxf5 gxf5 23. Qc2 Ne5 24. Qxf5 Ng6 25. Ng4 Nh4 26. Qc2 Kh8 27. Qf2 Ng6 28. Be3
Re7 29. h4 Qf8 30. Bd4 Nc5 31. Bxc5 dxc5 32. Nf6 Bxf6 33. Qxf6+ Kg8 34. h5 Ra6
35. Qf2 Ne5 36. Qxc5 Nd7 37. Qd4 Re5 38. Qg4 Qe7 39. Rf5 Rb6 40. Raf1 Qc5+ 41.
Kh1 Re7 42. R5f2 Qe3 43. Qf5 Qg3 44. Rf3 Qh4+ 45. Rh3 Qxa4 46. g6 Rf6 47. gxh7+
Kh8 48. Qg5 Rxf1+ 49. Bxf1 Qe4+ 50. Bg2 Qe1+ 51. Kh2 Qe5+ 52. Qxe5+ Rxe5 53. Bf3
Kxh7 54. Kg3 Nc5 55. Rh2 b6 56. Rd2 Re8 57. d6 Ne6 58. Bg4 Rg8 59. Kf3 Ng7 60.
d7 Rd8 61. Kf4 b5 62. Rd6 {Black resigns} 1-0

[Event "Team 45 45 League T88"]
[Site "Internet Chess Club"]
[Date "2021.04.25"]
[Round "3"]
[White "gera-carp75"]
[Black "walkover"]
[Result "1-0"]
[WhiteElo "1869"]
[BlackElo "1738"]
[Opening "Ruy Lopez: Bird's defense"]
[ECO "C61"]
[Time "10:01:47"]
[TimeControl "2700+45"]

1. e4 e5 2. Nf3 Nc6 3. Bb5 Nd4 4. Nxd4 exd4 5. d3 c6 6. Bc4 Nf6 7. e5 d5 8. Bb3
Nd7 9. O-O Be7 10. f4 O-O 11. Nd2 f5 12. Nf3 Qb6 13. Bd2 Nc5 14. Kh1 Ne6 15. Qe1
a5 16. a4 Kh8 17. Qf2 Bd7 18. Rfe1 Be8 19. Ba2 Bh5 20. Ng1 Qxb2 21. Bb3 g5 22.
Reb1 Qxa1 23. Rxa1 gxf4 24. Nh3 f3 25. gxf3 Rg8 26. Nf4 Bh4 27. Qe2 Nxf4 28.
Bxf4 Rae8 29. Rf1 Re6 30. c4 dxc3 31. d4 Bf7 32. Bc2 Bg6 33. Qe3 b5 34. Qxc3 b4
35. Qc5 Bd8 36. Rg1 Rge8 37. Kg2 Kg7 38. Kf2 Kf7 39. Bg5 Bc7 40. Bf6 Rc8 41.
Bxf5 {Black forfeits on time} 1-0

[Event "Team 45 45 League T88"]
[Site "Internet Chess Club"]
[Date "2021.04.22"]
[Round "3"]
[White "gduranko"]
[Black "evan7284"]
[Result "1/2-1/2"]
[WhiteElo "1429"]
[BlackElo "1681"]
[Opening "Petrov: Nimzovich attack"]
[ECO "C42"]
[Time "15:00:17"]
[TimeControl "2700+45"]

1. e4 e5 2. Nf3 Nf6 3. Nxe5 d6 4. Nf3 Nxe4 5. Nc3 Nxc3 6. dxc3 Be7 7. Bd3 Nc6 8.
h3 Be6 9. Be3 h6 10. Nd4 Nxd4 11. Bxd4 Bf6 12. Qf3 Bxd4 13. cxd4 c6 14. c4 Qa5+
15. Ke2 O-O 16. Rhe1 Rfe8 17. Kf1 Qg5 18. Rac1 Bd7 19. c5 Rxe1+ 20. Rxe1 dxc5
21. Bc4 Bf5 22. dxc5 Bg6 23. b4 a5 24. a3 axb4 25. axb4 Qh4 26. Qb3 Qf6 27. Kg1
Ra1 28. Qe3 Rxe1+ 29. Qxe1 Kf8 30. Bf1 Qe7 31. Qa1 Kg8 32. Qa8+ Kh7 33. Qa3 Qe1
34. Qb3 Qc1 35. g3 Kg8 36. Qc4 Qxc4 37. Bxc4 Kf8 38. Kf1 Ke7 39. Ke2 Kf6 40. Ke3
{Game drawn by mutual agreement} 1/2-1/2

[Event "Team 45 45 League T88"]
[Site "Internet Chess Club"]
[Date "2021.04.25"]
[Round "3"]
[White "dabodhi"]
[Black "monkhammer"]
[Result "1-0"]
[WhiteElo "1545"]
[BlackElo "1537"]
[Opening "Evans gambit"]
[ECO "C52"]
[Time "16:24:07"]
[TimeControl "2700+45"]

1. e4 e5 2. Nf3 Nc6 3. Bc4 Bc5 4. b4 Bxb4 5. c3 Ba5 6. d4 exd4 7. O-O Nf6 8. e5
Ne4 9. Ba3 Nxc3 10. Qb3 Rf8 11. Nxc3 Bxc3 12. Rad1 Na5 13. Qa4 Nxc4 14. Qxc4 b6
15. Bxf8 Kxf8 16. Nxd4 Ba5 17. Nc6 Qe8 18. Nxa5 bxa5 19. Qxc7 Ba6 20. Qd6+
{Black resigns} 1-0

[Event "Team 45 45 League T88"]
[Site "Internet Chess Club"]
[Date "2021.04.24"]
[Round "3"]
[White "julesraider"]
[Black "dabodhi"]
[Result "1-0"]
[WhiteElo "1584"]
[BlackElo "1528"]
[Opening "Queen's pawn"]
[ECO "A40"]
[Time "18:04:42"]
[TimeControl "2700+45"]

1. d4 e6 2. Nf3 f5 3. g3 Nf6 4. Bg2 Bb4+ 5. c3 Be7 6. O-O O-O 7. b4 Ne4 8. Nfd2
d5 9. a4 a5 10. Ba3 Nxc3 11. Nxc3 axb4 12. Nxd5 exd5 13. Bb2 Be6 14. a5 Nc6 15.
Nb3 f4 16. Bc1 fxg3 17. hxg3 Qd7 18. Bf4 Bh3 19. Qd2 Rf6 20. Nc5 Bxc5 21. dxc5
Bxg2 22. Kxg2 d4 23. Qa2+ Kh8 24. Rh1 Raf8 25. f3 Rf5 26. Qa4 g5 27. Bd2 g4 28.
f4 Qd5+ 29. Kf2 Ne5 30. Qxb4 Nd3+ 31. exd3 Qf3+ 32. Kg1 Qg2+ 33. Kxg2 {Black
resigns} 1-0

[Event "Team 45 45 League T88"]
[Site "Internet Chess Club"]
[Date "2021.04.25"]
[Round "3"]
[White "GoIrish"]
[Black "Toalla"]
[Result "1-0"]
[WhiteElo "1386"]
[BlackElo "1140"]
[Opening "Queen's pawn game"]
[ECO "D02"]
[Time "12:00:15"]
[TimeControl "2700+45"]

1. d4 d5 2. Nf3 c6 3. g3 Bf5 4. Bg2 e6 5. O-O Nd7 6. Nh4 Bg6 7. Nxg6 hxg6 8. c4
Be7 9. b3 Ngf6 10. Nd2 Nf8 11. Nf3 Ne4 12. Qc2 Ng5 13. Ne5 Bd6 14. Qd2 Bxe5 15.
dxe5 Ne4 16. Bxe4 dxe4 17. Qc2 Nh7 18. Rd1 Qc7 19. Qxe4 Ng5 20. Bxg5 {Black
resigns} 1-0

[Event "Team 45 45 League T88"]
[Site "Internet Chess Club"]
[Date "2021.04.25"]
[Round "3"]
[White "Fulmar"]
[Black "oldbookseller"]
[Result "1-0"]
[WhiteElo "1178"]
[BlackElo "925"]
[Opening "Ruy Lopez: Cozio defense"]
[ECO "C60"]
[Time "08:00:38"]
[TimeControl "2700+45"]

1. e4 e5 2. Nf3 Nc6 3. Bb5 Nge7 4. d3 g6 5. O-O Bg7 6. c3 O-O 7. d4 exd4 8. cxd4
f5 9. e5 d6 10. Re1 Nd5 11. Bc4 Be6 12. Ng5 Qd7 13. Na3 a6 14. Nxe6 Qxe6 15. f4
dxe5 16. fxe5 f4 17. Qf3 Nxd4 18. Qxd5 Rad8 19. Qxe6+ Nxe6 20. Bxe6+ Kh8 21. Bb3
f3 22. Rf1 Bxe5 23. Rxf3 Bd4+ 24. Kf1 Rfe8 25. Bg5 Rd6 26. Re1 Rxe1+ 27. Kxe1
Bxb2 28. Nc4 Bc3+ 29. Rxc3 Re6+ 30. Re3 {Black resigns} 1-0

[Event "Team 45 45 League T88"]
[Site "Internet Chess Club"]
[Date "2021.04.25"]
[Round "3"]
[White "clarinetref"]
[Black "kabindra"]
[Result "0-1"]
[WhiteElo "1454"]
[BlackElo "1706"]
[Opening "Réti: advance variation"]
[ECO "A09"]
[Time "18:08:43"]
[TimeControl "2700+45"]

1. Nf3 d5 2. c4 d4 3. g3 c5 4. Bg2 Nc6 5. d3 Bf5 6. O-O Qd7 7. Re1 Bh3 8. Bh1 e5
9. e3 f6 10. exd4 cxd4 11. a3 a5 12. Nbd2 Nge7 13. Ne4 Ng6 14. Bd2 Be7 15. Rb1
h5 16. b4 axb4 17. axb4 h4 18. b5 Nd8 19. Bb4 Bxb4 20. Rxb4 hxg3 21. fxg3 Nf7
22. Qb3 Bg4 23. Nc5 Qf5 24. Rf1 Qh5 25. Qb2 Nd6 26. Qg2 Nf5 27. Ne6 Kf7 28.
Nfxd4 Nxd4 29. Qxb7+ Ne7 30. Ng5+ Qxg5 31. Bd5+ Be6 32. Bg2 Qe3+ 33. Kh1 Qxg3
{White resigns} 0-1

[Event "Team 45 45 League T88"]
[Site "Internet Chess Club"]
[Date "2021.04.23"]
[Round "3"]
[White "gregorgg"]
[Black "goldeen7"]
[Result "1/2-1/2"]
[WhiteElo "1398"]
[BlackElo "1328"]
[Opening "Sicilian: Najdorf, Byrne (English) attack"]
[ECO "B90"]
[Time "15:32:22"]
[TimeControl "2700+45"]

1. e4 c5 2. Nf3 d6 3. d4 cxd4 4. Nxd4 Nf6 5. Nc3 a6 6. Be3 e5 7. Nb3 Be6 8. Qd2
Be7 9. f3 O-O 10. O-O-O b5 11. g4 Nbd7 12. g5 b4 13. Ne2 Ne8 14. f4 a5 15. f5 a4
16. fxe6 axb3 17. cxb3 fxe6 18. Kb1 Qa5 19. Nc1 Nc5 20. Bxc5 dxc5 21. Bc4 Qd8
22. Bxe6+ Kh8 23. Qxd8 Rxd8 24. Nd3 Bxg5 25. Nxe5 Nd6 26. Nc6 Rf2 27. Nxd8 Bf6
28. Rxd6 Rxb2+ 29. Kc1 Rxa2 30. Nf7+ Kg8 31. Nh6+ Kf8 32. Nf5 Ra1+ 33. Kc2 Rxh1
34. Rd2 Bg5 35. Rg2 h6 36. Bc4 Ra1 37. Kd3 Rd1+ 38. Ke2 Rd8 39. Kf3 g6 40. Ne3
Kg7 41. Nd5 Rf8+ 42. Kg4 Kh7 43. h4 Bd8 44. Re2 h5+ 45. Kg3 Rf1 46. Rf2 Bxh4+
47. Kxh4 Rxf2 48. Kg3 Rf8 49. Nf4 Kh6 50. Ne6 Ra8 51. Nxc5 Ra1 52. Nd3 Rh1 53.
e5 h4+ 54. Kg4 g5 55. e6 h3 56. e7 h2 57. Kg3 Ra1 58. Kxh2 Ra2+ 59. Kg3 Re2 60.
Nxb4 Rxe7 61. Nd3 Rb7 62. Kg4 Kg6 63. Ne5+ Kf6 64. Nf3 Rg7 65. Nd4 Rd7 66. Nf5
Rh7 67. Bd5 Rd7 68. Bc4 Rd1 69. Ng3 Rg1 70. Bd3 Ke5 71. Bf1 Kd4 72. b4 Kd5 73.
Kf3 Kc6 74. b5+ Kb6 75. Kf2 Rxf1+ 76. Kxf1 Kxb5 77. Ne4 g4 78. Kg2 Kc4 79. Kg3
Kd4 80. Kxg4 {Game drawn because neither player has mating material} 1/2-1/2